 Dungeon Crawl Stone Soup version 0.30.0-10-gfe55d96785 (webtiles) character file.

Game seed: 15173433258239077142

49 BillyBaka the Covered (level 3, -7/49 HPs)
             Began as a Minotaur Fighter on May 15, 2023.
             Mangled by Sigmund
             ... wielding a +2 scythe of flaming
              (14 damage)
             ... on level 3 of the Dungeon.
             The game lasted 00:07:14 (1203 turns).

BillyBaka the Covered (Minotaur Fighter)            Turns: 1203, Time: 00:07:15

Health: -7/49      AC: 21    Str: 22    XL:     3   Next: 51%
Magic:  2/2        EV:  2    Int:  5    God:
Gold:   90         SH:  0    Dex:  9    Spells: 2/2 levels left

rFire   + . .        j - +6 dire flail of Inflation {venom, rPois rC+ SInv}
rCold   + + .        (shield currently unavailable)
rNeg    . . .        b - melded +0 scale mail
rPois   +            (helmet currently unavailable)
rElec   +            g - melded +1 cloak
rCorr   +            (gloves currently unavailable)
SInv    +            (boots currently unavailable)
Will    .....        (no amulet)
Stlth   +            (no ring)
HPRegen 0.28/turn    (no ring)
MPRegen 0.08/turn

%: no passive effects
@: brilliant, tree-form (expiring), resistant
A: stationary, stasis, torment immunity, boosted hp, (horns 2), (retaliatory
headbutt)
a: no special abilities


You were on level 3 of the Dungeon.
You were a tree.
You visited 1 branch of the dungeon, and saw 3 of its levels.

You collected 90 gold pieces.

Inventory:

Hand Weapons
 j - the +6 dire flail of Inflation (weapon) {venom, rPois rC+ SInv}
   (You found it on level 2 of the Dungeon)

   rC:        It protects you from cold.
   rPois:     It protects you from poison.
   SInv:      It lets you see invisible.
Armour
 b - a +0 scale mail (melded)
 g - a +1 cloak (melded)
 h - a +0 tower shield
Potions
 d - a potion of might
 f - a potion of lignification
 i - a potion of curing


   Skills:
 + Level 4.1 Fighting
 * Level 0.9 Maces & Flails
 - Level 2.9 Polearms
 + Level 4.1 Armour
 + Level 0.5 Dodging
 + Level 4.1 Shields


You had 2 spell levels left.
You didn't know any spells.
Your spell library was empty.

Dungeon Overview and Level Annotations

Branches:
Dungeon (3/15)

Altars:

Annotations:
D:3 Sigmund


Innate Abilities, Weirdness & Mutations

You are a tree.
Your roots penetrate the ground, keeping you stationary.
You cannot be teleported.
You are immune to unholy pain and torment.
Your maximum health is greatly increased.
Your equipment is partially melded.
((You have a pair of horns on your head.))
((You reflexively headbutt those who attack you in melee.))


Message History

You swing at nothing.
Sigmund hits you from afar with a +2 scythe of flaming.
Sigmund burns you.
It was a potion of brilliance.
You feel clever all of a sudden.
Sigmund hits you from afar with a +2 scythe of flaming!
* * * LOW HITPOINT WARNING * * *
Sigmund burns you.
* * * LOW HITPOINT WARNING * * *
You bludgeon the hobgoblin!!
You kill the hobgoblin!
Sigmund casts a spell at you.
The magic dart hits you but does no damage.
As you read the scroll labelled LUHISOIP QOD, it crumbles to dust.
It is a scroll of enchant weapon.
You aren't carrying any weapons that can be enchanted.
Sigmund hits you but does no damage.
As you read the scroll labelled OGRINA NYREMMU, it crumbles to dust.
It is a scroll of identify.
e - a scroll of poison The air fills with toxic fumes!
As you read the scroll of poison, it crumbles to dust.
Sigmund hits you but does no damage. Sigmund barely misses you.
Sigmund hits you from afar with a +2 scythe of flaming.
* * * LOW HITPOINT WARNING * * *
Sigmund burns you.
* * * LOW HITPOINT WARNING * * *
Sigmund hits you but does no damage.
As you read the scroll labelled WIUNIZX ISHRO, it crumbles to dust.
You cannot blink because you are held in place by your roots.
It was a scroll of blinking.
Sigmund mumbles some strange words.
Sigmund flickers and vanishes for a moment.
It was a potion of resistance.
You feel protected.
Your transformation is almost over.
Sigmund hits you but does no damage. Sigmund hits you but does no damage.
Sigmund hits you from afar with a +2 scythe of flaming!
You die...

..#.## ###§§§○° #.
☼§§○○○ #. .§☼.§##
##.### °§°§. #....#
°☼§# #....# ##@○# #
#....#########°°###§☼○§
#....##.§○☼☼○§§♣☼§○§§§#
#.......######.########
#....#### #☼# #<...#
.☼.# #....#####..○###
#...<......##
#............
#####.....### #.....#


You could see Sigmund (strong, invisible).

Vanquished Creatures
  An adder (D:3)
  A dart slug (D:1)
  3 ball pythons
  6 endoplasms (D:1)
  2 giant cockroaches
  3 goblins (D:1)
  5 hobgoblins
  3 kobolds
  4 bats
  3 rats
31 creatures vanquished.

Notes
Turn   | Place    | Note
-------+----------+-------------------------------------------
     0 | D:1      | BillyBaka the Minotaur Fighter began the quest for the Orb.
     0 | D:1      | Reached XP level 1. HP: 19/19 MP: 0/0
   184 | D:1      | Reached XP level 2. HP: 25/27 MP: 1/1
   339 | D:1      | Found a faded altar of an unknown god.
   547 | D:2      | Reached XP level 3. HP: 33/33 MP: 2/2
   548 | D:2      | Identified the +6 dire flail of Inflation {venom, rPois rC+
                  | SInv}
  1176 | D:3      | Noticed Sigmund
  1203 | D:3      | Mangled by Sigmund

Illustrated notes

Levels and vault maps discovered:
D:1:      elethiomel_arrival_maze, layout_rooms,
          shapermc_ecumenical_altar_totnotflames
D:2:      layout_basic, nicolae_hexahallways
D:3:      layout_rooms, mainiacjoe_overflow_brackets, uniq_robin, uniq_grinder,
          uniq_sigmund, uniq_terence

Skill      XL: |  1  2 |
---------------+-------+-----
Armour         | 4 |  4.1
Fighting       | 4 |  4.1
Shields        | 4 |  4.1
Maces & Flails | |  0.9
Polearms       | |  2.9
Dodging        | |  0.5

Action                     || total
---------------------------++-------
  Melee: Trident           ||    38
         Headbutt          ||     4
         Dire flail        ||    16
    Use: Scroll            ||     4
         Potion            ||     4
 Armour: Scale mail        ||    22
         Skin              ||    10
  Dodge: Dodged            ||    24
  Block: Tower shield      ||     5
